 Dungeon Crawl Stone Soup version 0.17-a0-1368-g6ab37f2 (webtiles) character file.

64 Medar the Chiller (level 3, -7/14 HPs)
             Began as a Felid Ice Elementalist on June 12, 2015.
             Killed from afar by Ijyb (20 damage)
             ... with a wand of draining
             ... on level 3 of the Dungeon.
             The game lasted 00:06:37 (2319 turns).

Medar the Chiller (Felid Ice Elementalist)          Turns: 2319, Time: 00:06:37

Health: -7/14      AC:  1    Str:  4    XL:     3   Next: 91%
Magic:  4/7        EV: 17    Int: 17    God:
Gold:   138        SH:  0    Dex: 16    Spells: 3 memorised, 0 levels left
                                        Lives:  0   Deaths: 0

rFire  . . .     SeeInvis +     (weapon unavailable)
rCold  . . .     Clarity  .     (armour unavailable)
rNeg   . . .     SustAt   .     (shield unavailable)
rPois  .         Gourm    .     (helmet unavailable)
rElec  .         Spirit   .     (cloak unavailable)
rCorr  .         Warding  .     (gloves unavailable)
rMut   .         Stasis   .     (boots unavailable)
MR     .....                    (no amulet)
Stlth  +++.......               (no ring)
                                (no ring)

@: drained, quick, not resistant to hostile enchantments, fairly stealthy
A: no armour, no weapons or thrown items, claws 1, fangs 3, see invisible,
carnivore 3, speed 1, shaggy fur 1, slow metabolism 1, sharp paws
a: no special abilities


You were on level 3 of the Dungeon.
You were completely stuffed.

You visited 1 branch of the dungeon, and saw 3 of its levels.

You collected 138 gold pieces.

Inventory:

Scrolls
 e - a scroll of random uselessness {unknown}
 f - a scroll of remove curse {unknown}
 j - a scroll of noise {unknown}
 k - a scroll of immolation {unknown}
 l - a scroll of enchant armour {unknown}
 m - a scroll of identify {@r2}
 n - a scroll of fog {unknown}
 p - a scroll of fear {unknown}
 q - a scroll of magic mapping {unknown}
Potions
 c - a potion of heal wounds
 d - a potion of haste {unknown}
 g - 2 potions of curing {@q1}
 h - a potion of might {unknown}
 i - a potion of cancellation {unknown}
 s - a potion of flight {unknown}
Books
 a - a book of Frost

   Spells                             Type                      Level
   a - Freeze                         Ice                          1
   b - Throw Frost                    Conjuration/Ice              2
   c - Ozocubu's Armour               Charms/Ice                   3
   d - Throw Icicle                   Conjuration/Ice              4
   e - Summon Ice Beast               Ice/Summoning                4
   f - Condensation Shield            Ice                          4
Comestibles
 b - a meat ration {@e2}
 r - a slice of pizza


   Skills:
 - Level 2.6(2.1) Dodging
 - Level 2.6(2.1) Stealth
 - Level 2.0(1.4) Spellcasting
 + Level 1.4(0.9) Conjurations
 + Level 4.2(3.6) Ice Magic


You couldn't memorise any spells.
You knew the following spells:

 Your Spells              Type           Power        Failure   Level  Hunger
c - Throw Frost           Conj/Ice       #.....       14%         2    ###....
s - Ozocubu's Armour      Chrm/Ice       #.......     30%         3    ####...
x - Freeze                Ice            ##..         4%          1    ##.....


Dungeon Overview and Level Annotations

Branches:
Dungeon (3/15)

Altars:
Nemelex Xobeh
Ru
Yredelemnul
The Shining One

Annotations:
D:3 Ijyb; Sigmund; WhatIsLove's ghost, average HEWr


Innate Abilities, Weirdness & Mutations

You cannot wear armour.
You are incapable of wielding weapons or throwing items.
You have sharp claws.
You have razor-sharp teeth.
You have supernaturally acute eyesight.
You are carnivorous and can eat meat at any time.
You cover ground quickly.
You are covered in fur (AC +1).
You have a slow metabolism.
Your sharp claws are effective at attacking unaware monsters.


Message History

It is a wand of draining.
Casting: Freeze
Confirm with . or Enter, or press ? or * to list all spells.
Aiming: Freeze
Press: ? - help, Shift-Dir - straight line, f/p - Ijyb
Aim: Ijyb, wielding a dagger and carrying a wand of draining {zapped: 1} (moderately wounded, bleeding)
You freeze Ijyb.
Ijyb is moderately wounded.
Ijyb zaps a wand.
The bolt of negative energy misses you.
Casting: Freeze
Confirm with . or Enter, or press ? or * to list all spells.
Aiming: Freeze
Press: ? - help, Shift-Dir - straight line, f/p - Ijyb
Aim: Ijyb, wielding a dagger and carrying a wand of draining {zapped: 2} (heavily wounded, bleeding)
You freeze Ijyb.
Ijyb is heavily wounded.
Ijyb screams, "Die!"
Ijyb zaps a wand.
The bolt of negative energy hits you!
You feel drained.
Ouch! That really hurt!
You die...

#.# #.#
#.# #>#
#.# #.#
#.# #.#
#@#
.......g#
#########


You could see Ijyb (bleeding).

Vanquished Creatures
  2 adders (D:2)
  3 giant geckos
  An orc (D:3)
  2 giant cockroaches
  6 hobgoblins
  7 kobolds
  2 ball pythons
  6 bats
  A giant newt (D:3)
  9 goblins
  7 rats
46 creatures vanquished.

Vanquished Creatures (others)
  A bat (D:2)
  A giant newt (D:2)
2 creatures vanquished.

Grand Total: 48 creatures vanquished

Notes
Turn   | Place    | Note
--------------------------------------------------------------
     0 | D:1      | Medar the Felid Ice Elementalist began the quest for the Orb.
     0 | D:1      | Reached XP level 1. HP: 7/7 MP: 4/4
   243 | D:1      | Reached skill level 3 in Ice Magic
   345 | D:1      | Reached XP level 2. HP: 11/11 MP: 3/6
   352 | D:1      | Learned a level 2 spell: Throw Frost
  1027 | D:2      | Reached XP level 3. HP: 8/14 MP: 1/7
  1341 | D:2      | Found a sparkling altar of Nemelex Xobeh.
  1350 | D:2      | Reached skill level 1 in Conjurations
  1366 | D:2      | Reached skill level 4 in Ice Magic
  1485 | D:2      | Learned a level 3 spell: Ozocubu's Armour
  1684 | D:2      | Found a basalt altar of Yredelemnul.
  1761 | D:2      | Noticed a profane servitor
  1774 | D:2      | Found a glowing golden altar of the Shining One.
  1776 | D:2      | Noticed an angel
  1828 | D:2      | Found a sacrificial altar of Ru.
  1996 | D:3      | Noticed WhatIsLove's ghost (average HEWr)
  2059 | D:3      | Noticed Sigmund
  2309 | D:3      | Noticed Ijyb
  2319 | D:3      | Killed from afar by Ijyb

Vault maps used:
D:1:      tarquinn_simple_flora_water_a
D:2:      grunt_temple_overflow_holy_war, nemelex_deck, first_bread,
          nicolae_ru_the_path_less_chosen
D:3:      ecumenical_altar_1, nrook_uturn, uniq_natasha, uniq_sigmund,
          uniq_grinder, uniq_iyjb

Action                   || total
-------------------------++-------
Melee: Unarmed           ||     1
 Cast: Freeze            ||    68
       Throw Frost       ||     1
  Use: Potion            ||     1
       Scroll            ||     1
 Stab: Sleeping          ||     1
  Eat: Chunk             ||    11
